 Dungeon Crawl Stone Soup version 0.30-a0-12-gd8047c6341 (webtiles) character file.

Game seed: 4785854403146673511

1484 IdlyInterested the Sneak (level 8, -1/58 HPs)
             Began as a Demonspawn Wanderer on Aug 23, 2022.
             Was a Believer of Jiyva.
             Succumbed to an orc wizard's poison
             ... on level 5 of the Dungeon.
             The game lasted 00:21:13 (6112 turns).

IdlyInterested the Sneak (Demonspawn Wanderer)      Turns: 6112, Time: 00:21:14

Health: -1/58      AC:  6    Str: 11    XL:     8   Next: 50%
Magic:  12/12      EV: 12    Int: 21    God:    Jiyva [**....]
Gold:   64         SH:  0    Dex: 14    Spells: 12/13 levels left

rFire   . . .      SeeInvis .    a - +2 dagger (elec)
rCold   . . .      Faith    .    (no shield)
rNeg    . . .      Spirit   .    e - +0 robe
rPois   .          Reflect  .    p - +2 helmet {Int+3}
rElec   .          Harm     .    (no cloak)
rCorr   +          Rampage  .    c - +0 pair of gloves
Will    +....                    (no boots)
Stlth   +++.......               (no amulet)
HPRegen 1.15/turn                g - ring of flight
MPRegen 0.43/turn                (no ring)

@: lethally poisoned (-1 -> -5), flying, slowed, invisible, very slow
A: hooves 2, foul stench 2, big brain 1, strong-willed 1, inability to read
after injury 1
a: Renounce Religion


You were on level 5 of the Dungeon.
You worshipped Jiyva.
Jiyva was pleased with you.
You visited 1 branch of the dungeon, and saw 5 of its levels.
You also visited: Sewer.

You collected 120 gold pieces.
You spent 56 gold pieces at shops.

Inventory:

Hand Weapons
 a - a +2 dagger of electrocution (weapon)
 j - a +0 short sword
Missiles
 b - 4 curare-tipped darts
 f - 2 boomerangs
 q - 7 poisoned darts
 s - 2 throwing nets
Armour
 c - a +0 pair of gloves (worn)
 e - a +0 robe (worn)
 k - a +0 ring mail
 o - a +0 leather armour
 p - a +2 helmet of intelligence (worn)
 r - a +0 kite shield
Jewellery
 g - a ring of flight (left hand)
Scrolls
 h - 2 scrolls of immolation
 t - a scroll of amnesia
Potions
 l - a potion of invisibility


   Skills:
 + Level 3.5 Fighting
 * Level 5.4 Short Blades
 - Level 3.6 Throwing
 - Level 1.0 Armour
 - Level 2.0 Dodging
 * Level 6.3 Stealth
 + Level 0.0 Shields
 - Level 3.0 Spellcasting
 - Level 2.0 Conjurations
 - Level 2.0 Air Magic


You had 12 spell levels left.
You knew the following spells:

 Your Spells              Type           Power      Damage    Failure   Level
a - Shock                 Conj/Air       44%        1d5       6%          1

Your spell library contained the following spells:

 Spells                   Type           Power      Damage    Failure   Level
 Necrotise                Necr           12%        1d4       13%         1
 Mephitic Cloud           Conj/Pois/Air  8%         N/A       24%         3
 Vampiric Draining        Necr           3%         2d6       36%         3
 Agony                    Necr           3%         N/A       98%         5


Dungeon Overview and Level Annotations

Branches:
Dungeon (5/15)              Sewer (visited)
 Temple: D:4-7

Altars:

Shops:
D:2 ?=[   D:3 [[   D:4 *


Innate Abilities, Weirdness & Mutations

You have hoof-like feet.
You sometimes emit foul miasma when damaged in melee.
You have an unusually large brain. (Int +2)
You are strong-willed. (Will+)
You occasionally lose the ability to read scrolls when taking damage.


Message History

* * * LOW HITPOINT WARNING * * *
You hear a slurping noise.
Training target 2.0 for Conjurations reached!
Your Conjurations skill increases to level 2!
Things that are here:
a +0 club; an orc corpse You hit the orc wizard.
Your kick misses the orc wizard.
The orc wizard is lightly wounded.
The orc wizard closely misses you. x2
You hit the orc wizard but do no damage.
Your kick misses the orc wizard.
The orc wizard is lightly wounded.
The orc wizard hits you with a +2 dagger of venom.
* * * LOW HITPOINT WARNING * * *
You are poisoned.
You hit the orc wizard but do no damage.
The orc wizard is lightly wounded.
You feel very sick.
The orc wizard hits you but does no damage.
You are more poisoned.
Really quaff the potion of mutation? [Y]es or [N]o only, please.
Really quaff the potion of mutation?
You feel extremely strange.
You occasionally lose the ability to read scrolls when taking damage.
You feel strong-willed.
You feel very sick. The orc wizard barely misses you.
You fade into invisibility!
You feel very sick. The orc wizard closely misses you.
The orc wizard hits you but does no damage.
You are more poisoned.
The orc wizard casts a spell at you. The puff of flame hits you!
* * * LOW HITPOINT WARNING * * *
The orc wizard hits you but does no damage.
You hit the orc wizard.
The orc wizard is lightly wounded.
You die...

....... .. .....#
#. .....# #.####
....####....#
........†...###
#..###.###....#
#..#..8..#.##.#
#..#.....#.# ...
#@o.8.8.8..# ###
#.o.#.....#.#
.....#..8.J#...
###.#####.#####.#
.. ..... ... ..#
#... . ?.# !#
..... ... ### #.
..#... .#. #<#
..#...


You could see 2 orc wizards and a neutral jelly (wandering) (fellow slime).

Vanquished Creatures
  A wraith (D:5)
  The ghost of wingedge the Chopper, an amateur HOGl of Beogh (D:3)
  The ghost of SensoryNuts the Trooper, an amateur DsFi (D:3)
  Eustachio (D:5)
  A water moccasin (D:3)
  A black bear (D:5)
  A phantom (D:5)
  The ghost of Stellion the Conjurer, an amateur DECj (D:3)
  A gnoll sergeant (D:4)
  3 hounds
  An orc priest (D:5)
  3 jellies (Sewer)
  An iguana (D:4)
  Natasha (thrice) (D:2)
  An orc wizard (D:3)
  4 adders
  4 gnolls (D:4)
  2 river rats
  A white imp (D:5)
  An ufetubus (D:4)
  3 worms
  3 dart slugs
  6 orcs
  11 endoplasms
  2 giant cockroaches (Sewer)
  5 goblins
  2 hobgoblins (D:3)
  2 jackals (D:2)
  3 quokkas
  8 ball pythons
  4 bats
  4 frilled lizards
  3 kobolds
  11 rats
100 creatures vanquished.

Vanquished Creatures (others)
  A jelly (D:5)
  2 orcs (D:5)
  2 giant cockroaches
  A hobgoblin (D:3)
  2 quokkas (D:3)
  2 ball pythons (D:3)
10 creatures vanquished.

Grand Total: 110 creatures vanquished

Notes
Turn   | Place    | Note
-------+----------+-------------------------------------------
     0 | D:1      | IdlyInterested the Demonspawn Wanderer began the quest for
                  | the Orb.
     0 | D:1      | IdlyInterested set off with the following items: a +2
                  | dagger, 4 curare-tipped darts, a +0 pair of gloves, a
                  | potion of heal wounds, a +0 robe; and the following spell
                  | memorised: Shock; and the following spells available to
                  | memorise: Mephitic Cloud.
     0 | D:1      | Reached XP level 1. HP: 15/15 MP: 2/2
   140 | D:1      | Found a faded altar of an unknown god.
   446 | D:1      | Reached skill level 2 in Stealth
   649 | D:1      | Gained mutation: You may rarely emit foul miasma when
                  | damaged in melee. [demonic ancestry]
   649 | D:1      | Reached XP level 2. HP: 21/21 MP: 0/3
  1024 | D:2      | Noticed Natasha
  1043 | D:2      | Killed Natasha
  1044 | D:2      | Reached skill level 1 in Short Blades
  1044 | D:2      | Reached XP level 3. HP: 3/26 MP: 1/4
  1061 | D:2      | Found Gajalur's Magic Scroll Boutique.
  1801 | D:2      | Noticed Natasha
  1809 | D:2      | Killed Natasha
  1810 | D:2      | Reached skill level 1 in Armour
  1810 | D:2      | Gained mutation: You sometimes emit foul miasma when
                  | damaged in melee. [demonic ancestry]
  1810 | D:2      | Reached XP level 4. HP: 21/33 MP: 0/5
  2036 | D:2      | Reached skill level 3 in Stealth
  2122 | D:2      | Noticed Natasha
  2131 | D:2      | Killed Natasha
  2311 | D:2      | Found Obearghegudgh's Armour Shop.
  2542 | D:2      | Found Etait's Jewellery Boutique.
  2737 | D:2      | Bought a scroll of identify for 28 gold pieces
  2850 | D:3      | Found a glowing drain.
  2854 | Sewer    | Entered a sewer
  2947 | Sewer    | Gained mutation: You have large cloven feet. [demonic
                  | ancestry]
  2947 | Sewer    | Reached XP level 5. HP: 30/38 MP: 4/6
  3339 | Sewer    | Reached skill level 1 in Dodging
  3632 | Sewer    | Found a viscous altar of Jiyva.
  3653 | Sewer    | Became a worshipper of Jiyva Jolaxopp the Shapeless
  3745 | D:3      | Reached XP level 6. HP: 8/44 MP: 2/8
  4020 | D:3      | Found Duno's Antique Armour Emporium.
  4032 | D:3      | Noticed a water moccasin
  4040 | D:3      | Killed a water moccasin
  4041 | D:3      | Reached skill level 4 in Stealth
  4273 | D:3      | Found Daoniho's Antique Armour Boutique.
  4556 | D:3      | Found a runed translucent gate.
  4556 | D:3      | Found a runed translucent gate.
  4557 | D:3      | Found a runed translucent gate.
  4559 | D:3      | Reached * piety under Jiyva
  4560 | D:3      | Noticed wingedge's ghost (amateur HOGl)
  4560 | D:3      | Noticed SensoryNuts's ghost (amateur DsFi)
  4560 | D:3      | Noticed Stellion's ghost (amateur DECj)
  4821 | D:3      | HP: 2/44 [Stellion's ghost/magic dart (11)]
  4841 | D:3      | Killed SensoryNuts's ghost
  4842 | D:3      | Gained mutation: You have an unusually large brain. (Int
                  | +2) [demonic ancestry]
  4842 | D:3      | Reached XP level 7. HP: 37/50 MP: 10/10
  4851 | D:3      | Killed wingedge's ghost
  4860 | D:3      | Killed Stellion's ghost
  4861 | D:3      | Reached skill level 5 in Stealth
  5351 | D:4      | Found Zowkucag's Overcharged Wands.
  5526 | D:4      | Reached ** piety under Jiyva
  5810 | D:2      | Bought a scroll of identify for 28 gold pieces
  5938 | D:5      | Entered Level 5 of the Dungeon
  6051 | D:5      | Noticed Eustachio
  6052 | D:5      | Noticed a wraith
  6066 | D:5      | Gained mutation: You have hoof-like feet. [demonic
                  | ancestry]
  6066 | D:5      | Reached XP level 8. HP: 42/58 MP: 10/12
  6067 | D:5      | Killed Eustachio
  6068 | D:5      | Reached skill level 1 in Conjurations
  6088 | D:5      | Reached skill level 5 in Short Blades
  6090 | D:5      | Reached skill level 6 in Stealth
  6110 | D:5      | Gained mutation: You occasionally lose the ability to read
                  | scrolls when taking damage. [potion of mutation]
  6110 | D:5      | Gained mutation: You are strong-willed. (Will+) [potion of
                  | mutation]
  6111 | D:5      | HP: 1/58 [orc wizard/puff of flame (7)]
  6112 | D:5      | Succumbed to an orc wizard's poison

Illustrated notes

Levels and vault maps discovered:
D:1:      shiori_arrival_elements, layout_basic, serial_curves, eino_curves_04,
          eino_curves_04, eino_curves_03, eino_curves_02,
          shapermc_ecumenical_altar_starsandcircs
D:2:      layout_loops_cross, serial_shops, shop, shop, nicolae_lakefront_shop,
          kennysheep_another_room, uniq_natasha
D:3:      layout_basic, gup_sewer_entry_bowl, gammafunk_ghost_cemetery,
          serial_shops, nicolae_shop_behind_doors, nicolae_shop_stone
D:4:      layout_layer_cave, nicolae_shop_overcharged_wands
D:5:      minmay_razor_zed, layout_basic, minmay_chambers_of_fives,
          uniq_menkaure, uniq_eustachio

Skill      XL: |  1  2  3  4  5  6  7  8 |
---------------+-------------------------+-----
Stealth        | 2 3 4 5 6 |  6.3
Short Blades   | 1 2 3 4 5 |  5.4
Armour         | 1 |  1.0
Fighting       | 2 3 |  3.5
Dodging        | 1 2 |  2.0
Spellcasting   | 2 3 |  3.0
Air Magic      | 2 |  2.0
Conjurations   | 2 |  2.0
Throwing       | |  3.6

Action                   |  1- 3 |  4- 6 |  7- 9 || total
-------------------------+-------+-------+-------++-------
Melee: Dagger            |    36 |   112 |   109 ||   257
       Punch             |       |     2 |       ||     2
       Kick              |       |    15 |    27 ||    42
Throw: Dart              |     2 |     4 |       ||     6
 Cast: Shock             |    21 |    53 |    27 ||   101
  Use: Potion            |     3 |     4 |     3 ||    10
       Scroll            |     5 |     1 |     6 ||    12
 Stab: Sleeping          |     3 |     4 |     4 ||    11
Armor: Robe              |     9 |    24 |    37 ||    70
Dodge: Dodged            |    19 |    59 |    88 ||   166

Table legend: (Time is in decaauts)
 A = Elapsed time spent in this place.
 B = Non-inter-level travel time spent in this place.
 C = Inter-level travel time spent in this place.
 D = Time resting spent in this place.
 E = Time spent auto-exploring this place.
 F = Levels seen in this place.
 G = Mean time per level.
                   A        B        C        D        E       F      G
               +--------+--------+--------+--------+--------+-----+--------+
         Total |   6142 |   5412 |    730 |   1530 |   2785 |   6 | 1023.7 |
       Dungeon |   5265 |   4535 |    730 |    899 |   2713 |   5 | 1053.0 |
         Sewer |    876 |    876 |      0 |    631 |     72 |   1 |  876.0 |
               +--------+--------+--------+--------+--------+-----+--------+

Top non-repeatable levels by time:
     D:3: 1492 daAuts
     D:2: 1487 daAuts
     D:1: 1320 daAuts
   Sewer: 876 daAuts
     D:4: 873 daAuts
     D:5: 92 daAuts
